 Dungeon Crawl Stone Soup version 0.21.0-3-g78d12a8 (webtiles) character file.

194 MovingMist the Distorting Demonspawn (level 5, -2/41 HPs)
             Began as a Demonspawn Abyssal Knight on Jan 15, 2018.
             Was a Believer of Lugonu.
             Slain by a bullfrog (4 damage)
             ... on level 3 of the Dungeon.
             The game lasted 00:05:09 (2748 turns).

MovingMist the Distorting Demonspawn (DsAK)         Turns: 2748, Time: 00:05:09

Health: -2/41      AC:  5    Str: 13    XL:     5   Next: 44%
Magic:  9/9        EV: 10    Int: 13    God:    Lugonu [**....]
Gold:   114        SH:  0    Dex: 13    Spells: 4/4 levels left

rFire    + . .     SeeInvis .   q - +0 war axe
rCold    . . .     Gourm    .   (no shield)
rNeg     . . .     Faith    .   j - +0 ring mail
rPois    .         Spirit   .   (no helmet)
rElec    .         Reflect  .   (no cloak)
rCorr    .         Harm     .   (no gloves)
MR       +....                  (no boots)
Stlth    ..........             (no amulet)
HPRegen  0.13/turn              k - ring of protection from magic
MPRegen  0.11/turn              (no ring)

@: no status effects
A: hooves 1, fire resistance 1
a: Depart the Abyss, Bend Space, Renounce Religion


You were on level 3 of the Dungeon.
You worshipped Lugonu.
Lugonu was pleased with you.
You were hungry.

You visited 1 branch of the dungeon, and saw 3 of its levels.
You visited the Abyss 1 time.

You collected 114 gold pieces.

Inventory:

Hand Weapons
 q - a +0 war axe (weapon)
Armour
 j - a +0 ring mail (worn)
Jewellery
 k - a ring of protection from magic (left hand)
Scrolls
 b - a scroll of identify
 d - a scroll of fear {unknown}
 f - a scroll of amnesia {unknown}
 i - 2 scrolls of enchant weapon {unknown}
Potions
 e - 2 potions of magic {unknown}
 g - a potion of brilliance {unknown}
 h - 2 potions of haste {unknown}
 l - a potion of agility {unknown}
 m - 3 potions of curing {unknown}
 n - a potion of might {unknown}
 o - a potion of resistance {unknown}
Comestibles
 a - 2 chunks of flesh
 c - 6 rations


   Skills:
 - Level 3.0 Fighting
 + Level 3.9 Axes
 - Level 1.7 Armour
 - Level 0.8 Dodging
 + Level 5.5 Invocations


You had 4 spell levels left.
You didn't know any spells.

Dungeon Overview and Level Annotations

Branches:
Dungeon (3/15)

Altars:
Ashenzari


Innate Abilities, Weirdness & Mutations

You have large cloven feet.
Your flesh is heat resistant. (rF+)


Message History

* * * LOW HITPOINT WARNING * * *
The bullfrog hits you but does no damage.
You closely miss the bullfrog. You kick the bullfrog.
The bullfrog is almost dead.
The bullfrog hits you but does no damage. x2
You are feeling hungry.
You hit the bullfrog. Your kick misses the bullfrog.
The bullfrog is almost dead.
The bullfrog hits you.
* * * LOW HITPOINT WARNING * * *
You hit the bullfrog.
The bullfrog is almost dead.
You feel sick.
You are no longer poisoned.
The bullfrog hits you but does no damage.
The bullfrog barely misses you.
You barely miss the bullfrog.
The bullfrog is almost dead.
The bullfrog hits you.
You die...

#.# #.#.# #.# #.#.#
#.# #.#.# #.# #.#.#
#.# #.#.#
#.########.#.#
#............#
###############.###
......F@........#
###############.#
###


You could see a bullfrog.

Vanquished Creatures
  A phantom (D:3)
  An orc wizard (D:3)
  3 gnolls (D:3)
  An adder (D:3)
  A leopard gecko (D:3)
  2 orcs (D:3)
  3 bats
  A giant cockroach (D:3)
  11 goblins
  4 hobgoblins
  3 frilled lizards
  9 kobolds
  4 rats
44 creatures vanquished.

Notes
Turn   | Place    | Note
-------+----------+-------------------------------------------
     0 | Abyss:1  | MovingMist the Demonspawn Abyssal Knight began the quest for the Orb.
     0 | Abyss:1  | Reached XP level 1. HP: 18/18 MP: 2/2
    14 | D:1      | Escaped the Abyss
   488 | D:1      | Reached skill level 3 in Invocations
   633 | D:1      | Gained mutation: Your flesh is heat resistant. (rF+) [demonic ancestry]
   633 | D:1      | Reached XP level 2. HP: 24/24 MP: 4/4
   773 | D:1      | Reached ** piety under Lugonu
   970 | D:2      | Found a faded altar of an unknown god.
  1200 | D:2      | Found a shattered altar of Ashenzari.
  1872 | D:3      | Reached XP level 3. HP: 19/29 MP: 5/5
  1950 | D:3      | Reached skill level 4 in Invocations
  2230 | D:3      | Noticed a phantom
  2249 | D:3      | Killed a phantom
  2249 | D:3      | Reached skill level 5 in Invocations
  2249 | D:3      | Reached XP level 4. HP: 35/35 MP: 7/7
  2249 | D:3      | Gained mutation: You have large cloven feet. [demonic ancestry]
  2249 | D:3      | Reached XP level 5. HP: 41/41 MP: 8/8
  2747 | D:3      | HP: 2/41 [poisoned by an adder]
  2748 | D:3      | Slain by a bullfrog

Skill      XL: |  1  2  3 |
---------------+----------+-----
Axes           | 2 3 |  3.9
Invocations    | 3 5 |  5.5
Fighting       | |  3.0
Armour         | |  1.7
Dodging        | |  0.8

Action                   |  1- 3 |  4- 6 || total
-------------------------+-------+-------++-------
Melee: Hand axe          |    58 |       ||    58
       War axe           |    37 |    53 ||    90
       Kick              |       |     8 ||     8
  Use: Scroll            |     2 |       ||     2
  Eat: Chunk             |     2 |       ||     2
       Ration            |     1 |       ||     1
Armor: Leather armour    |     4 |       ||     4
       Ring mail         |    36 |    19 ||    55
Dodge: Dodged            |    60 |    27 ||    87
